 Dungeon Crawl Stone Soup version 0.19-b1-5-gdc9fa9d (webtiles) character file.

128 PhynixH2O the Skirmisher (level 5, -5/34 HPs)
             Began as a Gargoyle Fighter on Oct 31, 2016.
             Slain by Edmund
             ... wielding a +2 flail of holy wrath
              (8 damage)
             ... on level 4 of the Dungeon.
             The game lasted 00:13:36 (2459 turns).

PhynixH2O the Skirmisher (Gargoyle Fighter)         Turns: 2459, Time: 00:13:37

Health: -5/34      AC: 10    Str: 25 (26) XL:     5   Next: 12%
Magic:  5/5        EV:  7    Int:  7 (8)  God:
Gold:   217        SH:  9    Dex:  6 (9)  Spells: 0 memorised, 4 levels left

rFire  . . .     SeeInvis .     a - +0 flail
rCold  . . .     Gourm    .     b - +0 scale mail
rNeg   + . .     Faith    .     c - +0 shield
rPois  ∞         Spirit   .     (no helmet)
rElec  +         Reflect  .     (no cloak)
rCorr  .         Harm     .     (no gloves)
MR     .....                    (no boots)
Stlth  ..........               (no amulet)
                                (no ring)
                                (no ring)

@: mighty
A: negative energy resistance 1, electricity resistance, unbreathing,
petrification resistance, rot immunity, AC +4
a: no special abilities


You were on level 4 of the Dungeon.
You were hungry.

You visited 1 branch of the dungeon, and saw 4 of its levels.

You collected 217 gold pieces.

Inventory:

Hand Weapons
 a - a +0 flail (weapon)
Armour
 b - a +0 scale mail (worn)
 c - a +0 shield (worn)
Jewellery
 i - an uncursed ring of positive energy {unknown}
 p - an uncursed ring of flight {unknown}
Scrolls
 e - 7 scrolls of remove curse {unknown}
 k - a scroll of teleportation {unknown}
 l - a scroll of recharging {unknown}
 m - a scroll of fear {unknown}
 n - 2 scrolls of magic mapping {unknown}
Potions
 j - 2 potions of haste {unknown}
 r - a potion of lignification {unknown}
Comestibles
 f - 2 bread rations
 o - 2 meat rations
 q - a beef jerky


   Skills:
 + Level 4.9 Fighting
 * Level 3.9 Maces & Flails
 - Level 3.2 Armour
 - Level 3.2 Shields


You had 4 spell levels left.
You didn't know any spells.

Dungeon Overview and Level Annotations

Branches:
Dungeon (4/15)
 Temple: D:4-7

Altars:
Dithmenos
Xom

Annotations:
D:4 Edmund


Innate Abilities, Weirdness & Mutations

You are resistant to torment.
Your stone body is resilient. (AC +4)
You are immune to poison.
You resist negative energy. (rN+)
You are resistant to electric shocks. (rElec)
You can survive without breathing.
You are immune to petrification.
You are immune to rotting.


Message History

Edmund barely misses you.
Okay, then.
You feel very mighty all of a sudden.
Edmund hits you with a flail of holy wrath!
* * * LOW HITPOINT WARNING * * *
You barely miss Edmund.
Edmund is heavily wounded.
Edmund hits you but does no damage.
Your shield prevents you from hitting Edmund.
Edmund is heavily wounded.
You block Edmund's attack.
Sorry, you're not good enough to have a special ability.
It was a potion of degeneration.
There was something very wrong with that liquid.
You feel weakened.
You feel dopey.
You feel clumsy. You block Edmund's attack.
You closely miss Edmund.
Edmund is heavily wounded.
Edmund hits you with a flail of holy wrath!
You die...

#.# ### #.#
..#######.#
#######.......#.#
...#[#..#......#
....#..####.###
#...#..# #.#
#...#..####.#
#...#..@@...# #
#...#..###### #.
#......#
#..#......#
#......#.##
#..##..#.# #.
#)..#.# # ##..#..
##.#..


You could see Edmund.

Vanquished Creatures
  3 adders
  An ooze (D:1)
  3 worms
  A dart slug (D:1)
  2 leopard geckos (D:2)
  4 orcs (D:3)
  2 giant cockroaches (D:2)
  11 goblins
  10 hobgoblins
  6 jackals
  2 quokkas
  A ball python (D:3)
  9 bats
  6 frilled lizards
  7 kobolds
  7 rats
75 creatures vanquished.

Notes
Turn   | Place    | Note
-------+----------+-------------------------------------------
     0 | D:1      | PhynixH2O the Gargoyle Fighter began the quest for the Orb.
     0 | D:1      | Reached XP level 1. HP: 14/14 MP: 1/1
    63 | D:1      | Reached XP level 2. HP: 10/19 MP: 2/2
   257 | D:1      | Reached skill level 4 in Fighting
   286 | D:1      | Reached XP level 3. HP: 14/24 MP: 3/3
  1000 | D:2      | Reached XP level 4. HP: 27/30 MP: 4/4
  1359 | D:2      | Found a shimmering altar of Xom.
  1359 | D:2      | Found a shadowy altar of Dithmenos.
  2100 | D:3      | Reached XP level 5. HP: 34/34 MP: 5/5
  2311 | D:4      | Noticed an ogre
  2426 | D:4      | Noticed Edmund
  2459 | D:4      | Slain by Edmund

Skill      XL: |  1  2  3 |
---------------+----------+-----
Fighting       | 4 |  4.9
Maces & Flails | 3 |  3.9
Armour         | |  3.2
Shields        | |  3.2

Action                   |  1- 3 |  4- 6 || total
-------------------------+-------+-------++-------
Melee: Flail             |   162 |   158 ||   320
  Use: Potion            |       |     2 ||     2
  Eat: Chunk             |     1 |     4 ||     5
Armor: Scale mail        |    99 |    66 ||   165
Dodge: Dodged            |    68 |    34 ||   102
Block: Shield            |    98 |    76 ||   174
